 Dungeon Crawl Stone Soup version 0.25-a0-200-g5ba96148f3 (webtiles) character file.

Game seed: 8578239264461423936, levelgen mode: deterministic

16947 Jindul the Cleaver (level 11, -1/95 HPs)
             Began as a Demigod Fighter on Dec 2, 2019.
             Slain by an ice devil (7 damage)
             ... in an ice cave.
             The game lasted 01:00:25 (11874 turns).

Jindul the Cleaver (Demigod Fighter)               Turns: 11874, Time: 01:00:32

Health: -1/95      AC: 21    Str: 25    XL:     11   Next: 86%
Magic:  16/16      EV: 10    Int: 15    God:
Gold:   539        SH:  3    Dex: 15    Spells: 10/10 levels left

rFire    + + +     SeeInvis .   N - +7 great mace "Firestarter" {inner flame, rF++}
rCold    . . .     Gourm    .   (shield currently unavailable)
rNeg     . . .     Faith    .   E - +1 shadow dragon scales
rPois    .         Spirit   .   l - +0 helmet {Int+3}
rElec    .         Reflect  +   d - +0 cloak
rCorr    .         Harm     .   (no gloves)
MR       +....                  (no boots)
Stlth    +++.......             o - +3 amulet of reflection
HPRegen  0.25/turn              r - ring of protection from fire
MPRegen  0.15/turn              J - +5 ring of protection

@: no status effects
A: high mp 1
a: no special abilities


You were in an ice cave.
You were not hungry.

You visited 3 branches of the dungeon, and saw 14 of its levels.
You also visited: Ossuary, Gauntlet and Ice Cave.

You collected 599 gold pieces.
You spent 60 gold pieces at shops.

Inventory:

Hand Weapons
 B - a +5 war axe of flaming
 N - the +7 great mace "Firestarter" (weapon) {inner flame, rF++}
   (You found it in a Gauntlet)

   It has been specially enchanted to burn those struck by it, causing extra
   injury to most foes and up to half again as much damage against particularly
   susceptible opponents.
   It greatly protects you from fire.
Armour
 d - a +0 cloak (worn)
 l - a +0 helmet of intelligence (worn)
 z - a +2 shield
 E - +1 shadow dragon scales (worn)
Jewellery
 h - an uncursed ring of positive energy
 k - an uncursed ring of see invisible
 o - a +3 amulet of reflection (around neck)
 r - a ring of protection from fire (left hand)
 x - an uncursed ring of poison resistance
 D - an uncursed ring of resist corrosion
 J - a +5 ring of protection (right hand)
Wands
 j - a wand of acid (6)
 s - a wand of iceblast (10)
 u - a wand of clouds (4)
 F - a wand of flame (17)
 H - a wand of disintegration (15)
 K - a wand of random effects (17)
 M - a wand of paralysis (5)
Scrolls
 n - a scroll of identify
 p - a scroll of acquirement {unknown}
 v - 2 scrolls of magic mapping
 y - 3 scrolls of remove curse
 G - 6 scrolls of teleportation
 I - a scroll of fog
Potions
 a - 2 potions of invisibility
 e - 6 potions of curing
 i - 5 potions of haste
 m - 3 potions of magic
 w - 2 potions of flight
 A - a potion of heal wounds
 C - a potion of resistance
Miscellaneous
 Q - a box of beasts
 R - a phantom mirror
Comestibles
 c - 2 chunks of flesh
 f - 20 rations


   Skills:
 + Level 8.9 Fighting
 * Level 11.8 Axes
 - Level 6.0 Armour
 - Level 3.0 Dodging
 - Level 3.0 Stealth
 + Level 8.9 Shields
 - Level 3.0 Evocations


You had 10 spell levels left.
You didn't know any spells.
Your spell library contained the following spells:

 Spells                   Type           Power        Failure   Level  Hunger
 Corona                   Hex            #......      85%         1    ##.....
 Flame Tongue             Conj/Fire      #....        85%         1    ##.....
 Sting                    Conj/Pois      #...         85%         1    ##.....
 Poisonous Vapours        Pois/Air       #.....       94%         2    ###....
 Slow                     Hex            #.......     94%         2    ###....
 Throw Flame              Conj/Fire      #.....       94%         2    ###....
 Conjure Flame            Conj/Fire      #.......     99%         3    ####...
 Gell's Gravitas          Tloc           #.........   99%         3    ####...
 Inner Flame              Hex/Fire       #.......     99%         3    ####...
 Mephitic Cloud           Conj/Pois/Air  #.......     99%         3    ####...
 Portal Projectile        Hex/Tloc       #.....       99%         3    ####...
 Cause Fear               Hex            #.........   100%        4    #####..
 Force Lance              Conj/Tloc      #.......     100%        4    #####..
 Leda's Liquefaction      Hex/Erth       #.........   100%        4    #####..
 Olgreb's Toxic Radiance  Pois           #.......     100%        4    #####..
 Sticky Flame             Conj/Fire      #.......     100%        4    #####..
 Fireball                 Conj/Fire      #.........   100%        5    ######.
 Venom Bolt               Conj/Pois      #.........   100%        5    ######.
 Dispersal                Tloc           #.........   100%        6    #######
 Controlled Blink         Tloc           N/A          100%        8    #######
 Disjunction              Tloc           #.........   100%        8    #######


Dungeon Overview and Level Annotations

Branches:
Dungeon (11/15)            Temple (1/1) D:6            Lair (2/6) D:8
Ossuary (visited)           IceCv (1/1)             Gauntlet (visited)
  Swamp: Lair:2-4    Shoals: Lair:2-4     Snake: Lair:2-4    Spider: Lair:2-4
    Orc: D:9-12

Shops:
D:6 *

Annotations:
D:3 Grinder
D:5 3 runed translucent doors, endorz's ghost, novice TrFi
D:11 2 runed translucent doors, RedPan's ghost, journeyman DrFE IceCv exclusion: 2 ice statues


Innate Abilities, Weirdness & Mutations

You have an increased reservoir of magic. (+10% MP)


Message History

The ice devil is severely wounded.
The ice devil hits you. The ice devil freezes you!
* * * LOW HITPOINT WARNING * * *
The ice devil closely misses you.
You hit the ice devil. You burn the ice devil.
The ice devil is severely wounded.
The ice devil hits you.
* * * LOW HITPOINT WARNING * * *
The ice devil freezes you!
* * * LOW HITPOINT WARNING * * *
You feel much better. The ice devil hits you. The ice devil freezes you!
* * * LOW HITPOINT WARNING * * *
You hit the ice devil. You burn the ice devil.
The ice devil is almost dead.
The ice devil hits you.
* * * LOW HITPOINT WARNING * * *
The ice devil freezes you!
* * * LOW HITPOINT WARNING * * *
The ice devil hits you!
You die...

......4.......#
..............#
.......⌠.......#
...............#
...............#
#.............#
#.............#
#.....44....#
##8#...@.#8##
##...## ##...#
#...## #...##
##...# ##...##
##.....##
#...∩...#


You could see 2 ice devils.

Vanquished Creatures
  A minotaur (Gauntlet)
  Josephine (D:10)
  Harold (D:7)
  A hydra (Lair:1)
  A tengu warrior (Gauntlet)
  Nergalle (Lair:2)
  A fire crab (Gauntlet)
  Pikel (D:6)
  A black mamba (Lair:1)
  2 spiny frogs (Lair:1)
  A gargoyle (D:11)
  4 ice devils
  2 tengu conjurers (Gauntlet)
  A polar bear (D:9)
  2 trolls
  Prince Ribbit (D:7)
  2 hippogriffs
  A ynoxinul (Gauntlet)
  5 wraiths (D:10)
  4 fire bats (Gauntlet)
  A basilisk (Lair:1)
  A wyvern (D:8)
  Menkaure (D:7)
  2 wargs (D:8)
  A porcupine (Lair:1)
  3 orc warriors
  A sky beast (D:9)
  2 slaves (D:6)
  3 black bears
  An eye of draining (D:9)
  4 ice beasts
  A phantom (D:11)
  A necrophage (D:8)
  6 ogres
  5 centaurs
  2 crocodiles
  A big kobold (D:9)
  7 bullfrogs
  A scorpion (D:9)
  A water moccasin skeleton (D:10)
  3 water moccasin zombies (Ossuary)
  3 wights (D:7)
  A howler monkey (D:5)
  4 crimson imps
  A centaur zombie (D:9)
  2 quasits
  A bullfrog skeleton (D:8)
  2 jellies
  6 orc priests
  Crazy Yiuf (D:3)
  A bullfrog zombie (D:8)
  6 centaur skeletons
  10 hounds
  2 orc wizards
  2 gnoll shamans
  2 iron imps (Gauntlet)
  Terence (D:2)
  2 iguanas
  7 worker ants
  3 big kobold zombies (Ossuary)
  2 hound skeletons
  2 mummies (Ossuary)
  11 adders
  8 gnolls
  A shadow imp (D:9)
  4 white imps
  3 oozes
  7 adder zombies
  5 worms
  2 dart slugs
  7 leopard geckos
  32 orcs
  4 giant cockroaches
  12 goblins
  18 hobgoblins
  20 jackals
  3 quokkas
  2 ball pythons
  A bat (D:1)
  3 frilled lizards
  4 gnoll zombies (Ossuary)
  5 hobgoblin zombies
  14 kobolds
  2 leopard gecko skeletons
  10 orc zombies
  A quokka simulacrum (D:9)
  5 rats
  A plant (D:7)
328 creatures vanquished.

Vanquished Creatures (others)
  A cyclops (D:11)
  An orc warrior (D:6)
  An orc (D:7)
  3 fungi (Gauntlet)
  10 plants (Gauntlet)
  5 withered plants (Gauntlet)
21 creatures vanquished.

Grand Total: 349 creatures vanquished

Notes
Turn   | Place    | Note
-------+----------+-------------------------------------------
     0 | D:1      | Jindul the Demigod Fighter began the quest for the Orb.
     0 | D:1      | Reached XP level 1. HP: 18/18 MP: 3/3
    30 | D:1      | Reached skill level 2 in Axes
   165 | D:1      | Reached XP level 2. HP: 20/25 MP: 4/4
   628 | D:1      | Reached XP level 3. HP: 31/31 MP: 5/5
  1178 | D:2      | Found a shimmering altar of Xom.
  1179 | D:2      | Found a shimmering altar of Xom.
  1180 | D:2      | Found a shimmering altar of Xom.
  1180 | D:2      | Found a shimmering altar of Xom.
  1181 | D:2      | Found a shimmering altar of Xom.
  1188 | D:2      | Found a shimmering altar of Xom.
  1275 | D:2      | Found an iron altar of Okawaru.
  1453 | D:3      | Reached XP level 4. HP: 38/38 MP: 6/6
  1464 | D:3      | Reached skill level 3 in Axes
  1606 | D:3      | Found a runed translucent door.
  1718 | D:3      | Noticed Crazy Yiuf
  1725 | D:3      | Killed Crazy Yiuf
  2092 | D:3      | Noticed Terence
  2092 | D:3      | Noticed Grinder
  2135 | D:2      | Killed Terence
  2136 | D:2      | Reached XP level 5. HP: 35/45 MP: 7/7
  2376 | D:4      | Reached skill level 4 in Axes
  2389 | D:4      | Reached XP level 6. HP: 44/52 MP: 8/8
  2907 | D:5      | Entered Level 5 of the Dungeon
  3059 | D:5      | Reached XP level 7. HP: 38/59 MP: 10/10
  3104 | D:5      | Reached skill level 1 in Evocations
  3234 | D:5      | Found a runed translucent gate.
  3234 | D:5      | Found a runed translucent gate.
  3234 | D:5      | Found a runed translucent gate.
  3235 | D:5      | Noticed endorz's ghost (novice TrFi)
  3236 | D:5      | Found an opulent altar of Gozag.
  3272 | D:5      | Reached skill level 5 in Axes
  4046 | D:6      | Found a staircase to the Ecumenical Temple.
  4086 | D:6      | Found a sand-covered staircase.
  4095 | Ossuary  | Entered an ossuary
  4208 | Ossuary  | Reached XP level 8. HP: 56/67 MP: 12/12
  4440 | D:6      | Reached skill level 6 in Axes
  4699 | D:6      | Found Xoerr's General Store.
  4704 | D:6      | Bought a potion of heal wounds for 60 gold pieces
  4747 | D:6      | Reached skill level 5 in Fighting
  4747 | D:6      | Reached skill level 5 in Armour
  4747 | D:6      | Reached skill level 5 in Shields
  5030 | D:6      | Noticed Pikel
  5052 | D:6      | Killed Pikel
  5052 | D:6      | Reached skill level 7 in Axes
  5406 | D:7      | Reached XP level 9. HP: 74/74 MP: 14/14
  5922 | D:7      | Noticed Menkaure
  5926 | D:7      | Killed Menkaure
  5996 | D:7      | Noticed Prince Ribbit
  6001 | D:7      | Noticed Harold
  6011 | D:7      | Killed Prince Ribbit
  6016 | D:7      | Killed Harold
  6016 | D:7      | Reached skill level 8 in Axes
  6537 | Temple   | Entered the Ecumenical Temple
  6967 | D:8      | Reached skill level 1 in Stealth
  6994 | D:8      | Found a staircase to the Lair.
  7005 | D:8      | Reached XP level 10. HP: 76/84 MP: 15/15
  7169 | D:8      | Reached skill level 9 in Axes
  7739 | D:9      | Reached skill level 1 in Dodging
  8641 | D:10     | Entered Level 10 of the Dungeon
  9230 | D:10     | Reached skill level 10 in Axes
  9399 | D:10     | Noticed Josephine
  9425 | D:10     | Killed Josephine
  9433 | D:10     | Reached XP level 11. HP: 76/92 MP: 16/16
  9722 | D:11     | Found a runed translucent gate.
  9723 | D:11     | Noticed RedPan's ghost (journeyman DrFE)
  9723 | D:11     | Found a runed translucent gate.
  9977 | Lair:1   | Entered Level 1 of the Lair of Beasts
 10032 | Lair:1   | Found the +3 giant club "Skullcrusher" {speed, Str+7}
 10143 | Lair:1   | Found a gate leading to a gauntlet.
 10166 | Gauntlet | Entered a Gauntlet
 10166 | Gauntlet | Found a large runed translucent door.
 10166 | Gauntlet | Found a large runed translucent door.
 10166 | Gauntlet | Found a large runed translucent door.
 10166 | Gauntlet | Found a large runed translucent door.
 10166 | Gauntlet | Found a large runed translucent door.
 10166 | Gauntlet | Found a large runed translucent door.
 10166 | Gauntlet | Found a large runed translucent door.
 10166 | Gauntlet | Found a large runed translucent door.
 10166 | Gauntlet | Found a runed translucent door.
 10166 | Gauntlet | Found a runed translucent gate.
 10166 | Gauntlet | Found a transporter.
 10166 | Gauntlet | Found a transporter.
 10166 | Gauntlet | Found a runed translucent gate.
 10166 | Gauntlet | Found a transporter.
 10166 | Gauntlet | Noticed a death scarab
 10169 | Gauntlet | Found a runed translucent door.
 10170 | Gauntlet | Found a large runed translucent door.
 10170 | Gauntlet | Found a large runed translucent door.
 10170 | Gauntlet | Found a large runed translucent door.
 10170 | Gauntlet | Found a large runed translucent door.
 10171 | Gauntlet | Found a large runed translucent door.
 10171 | Gauntlet | Found a large runed translucent door.
 10172 | Gauntlet | Found a large runed translucent door.
 10172 | Gauntlet | Found a large runed translucent door.
 10181 | Gauntlet | Found a runed translucent gate.
 10182 | Gauntlet | Noticed a death scarab
 10187 | Gauntlet | Found a transporter.
 10197 | Gauntlet | Found a transporter.
 10197 | Gauntlet | Noticed a death scarab
 10197 | Gauntlet | Noticed a death scarab
 10218 | Gauntlet | Found a transporter.
 10224 | Gauntlet | Noticed a fire crab
 10227 | Gauntlet | Found a transporter.
 10234 | Gauntlet | Found a transporter.
 10275 | Gauntlet | Noticed a tengu warrior
 10276 | Gauntlet | Found a transporter.
 10296 | Gauntlet | Found a transporter.
 10302 | Gauntlet | Found a transporter.
 10320 | Gauntlet | Found a transporter.
 10361 | Gauntlet | Got a twisted mace
 10493 | Gauntlet | Killed a tengu warrior
 10493 | Gauntlet | Reached skill level 11 in Axes
 10618 | Gauntlet | Identified the cursed +1 mace "Ekaile" {crush, SInv} (You
                  | found it in a Gauntlet)
 10635 | Gauntlet | Killed a fire crab
 10755 | Gauntlet | Identified the +7 falchion of Defilement {freeze, rN++}
 10755 | Gauntlet | Noticed a minotaur
 10781 | Gauntlet | Killed a minotaur
 10793 | Gauntlet | Found the +7 great mace "Firestarter" {inner flame, rF++}
 11512 | Lair:1   | Noticed a seven-headed hydra
 11520 | Lair:1   | Killed a one-headed hydra
 11711 | Lair:2   | Noticed Nergalle
 11715 | Lair:2   | Killed Nergalle
 11736 | Lair:2   | Noticed an eight-headed hydra
 11740 | Lair:2   | Found a frozen archway.
 11770 | IceCv    | Entered an ice cave
 11874 | IceCv    | Slain by an ice devil

Levels and vault maps discovered:
D:1:      wander_arrival_chamber, layout_loops_ring
D:2:      layout_loops_ring, okawaru_gym_becter, xom_redecorated,
          kennysheep_generic_room_7
D:3:      layout_basic, chequers_ecumenical_altar_grove, uniq_terence,
          uniq_crazy_yiuf_cottage, uniq_grinder
D:4:      layout_cave_pools, grunt_ministairs_4
D:5:      layout_basic, ebering_ghost_gozag, first_ration
D:6:      layout_loops_ring, temple_doors_e,
          lightli_ossuary_entry_decrepit_ruins, serial_shops,
          kennysheep_little_box, kennysheep_cluttered_room, lightli_orcish_oven,
          uniq_pikel
D:7:      corexii_shack_village, layout_loops_corners, minmay_puff,
          uniq_prince_ribbit1, uniq_menkaure, uniq_harold
D:8:      layout_basic, erik_lair_orcish_takeover
D:9:      layout_cave_pods, serial_ice, serial_ice_f, serial_ice_n,
          serial_ice_e, serial_ice_c
D:10:     layout_basic, uniq_josephine
D:11:     layout_long_grid, zombieorc2_lemuel, biasface_ghost_orc_armoury,
          hangedman_stone_soup, minivault_4, minmay_bent
Temple:   regret_index_temple_chain_breaker
Lair:1:   layout_long_grid, gauntlet_entry_generic
Lair:2:   layout_gridlike, portal_ice_cave_demonic_guard, lemuel_centaur_altar,
          grunt_megastairs_5, uniq_nergalle
IceCv:    ice_cave_tombish

Skill      XL: |  1  2  3  4  5  6  7  8  9 10 11 |
---------------+----------------------------------+-----
Axes           | 2 3 4 5 7 8 10 11 | 11.8
Shields        | 3 4 5 6 7 8 |  8.9
Fighting       | 3 4 5 6 7 8 |  8.9
Armour         | 3 4 5 6 |  6.0
Evocations     | 2 3 |  3.0
Stealth        | 1 3 |  3.0
Dodging        | 3 |  3.0

Action                   |  1- 3 |  4- 6 |  7- 9 | 10-12 || total
-------------------------+-------+-------+-------+-------++-------
Melee: War axe           |   185 |   191 |   357 |   365 ||  1098
       Great mace        |       |       |       |    10 ||    10
Evoke: Wand              |       |       |       |    12 ||    12
  Use: Scroll            |     3 |     2 |    14 |     9 ||    28
       Potion            |       |     4 |     1 |     8 ||    13
 Stab: Sleeping          |       |       |     5 |    15 ||    20
       Distracted        |       |       |       |     1 ||     1
  Eat: Chunk             |     2 |     5 |    13 |    13 ||    33
       Ration            |       |       |       |     1 ||     1
Armor: Scale mail        |    68 |    56 |    43 |       ||   167
       Shadow dragon sca |       |       |    31 |   113 ||   144
Dodge: Dodged            |    48 |    63 |    45 |    83 ||   239
Block: Shield            |   105 |   161 |   251 |   274 ||   791
       Reflection        |       |       |    12 |     9 ||    21
       Other             |       |       |       |     1 ||     1

Table legend:
 A = Non-vault XP
 B = Vault XP
 C = Vault XP percentage of total XP
 D = Non-vault monster count
 E = Vault monster count
 F = Vault count percentage of total count
                 A         B        C        D         E       F
            +---------+---------+-------+---------+---------+-------
      Total |   10807 |   13404 |  55.4 |     218 |     110 |  33.5
            +---------+---------+-------+---------+---------+-------
        D:1 |      57 |       0 |   0.0 |      30 |       0 |   0.0
        D:2 |      37 |      43 |  53.8 |      13 |       4 |  23.5
        D:3 |      58 |      42 |  42.0 |      17 |       1 |   5.6
        D:4 |     407 |       5 |   1.2 |      20 |       2 |   9.1
        D:5 |     488 |       0 |   0.0 |      15 |       0 |   0.0
        D:6 |     958 |     781 |  44.9 |      15 |       7 |  31.8
        D:7 |     924 |    1580 |  63.1 |      22 |      23 |  51.1
        D:8 |    1383 |     625 |  31.1 |      30 |       8 |  21.1
        D:9 |    1729 |     639 |  27.0 |      28 |       7 |  20.0
       D:10 |     986 |    2085 |  67.9 |      12 |       6 |  33.3
       D:11 |    1093 |     485 |  30.7 |       9 |       6 |  40.0
     Lair:1 |    2687 |       0 |   0.0 |       7 |       0 |   0.0
     Lair:2 |       0 |    1473 | 100.0 |       0 |       3 | 100.0
    Ossuary |       0 |     383 | 100.0 |       0 |      27 | 100.0
      IceCv |       0 |     335 | 100.0 |       0 |       1 | 100.0
   Gauntlet |       0 |    4928 | 100.0 |       0 |      15 | 100.0
            +---------+---------+-------+---------+---------+-------
